 Dungeon Crawl Stone Soup version 0.29.1-15-g9cfb28693d (webtiles) character file.

Game seed: 3819032798370665937

830 kingofthe the Conjurer (level 7, 0/41 HPs)
             Began as an Octopode Conjurer on Feb 26, 2023.
             Slain by a white imp (2 damage)
             ... summoned by Eustachio
             ... on level 5 of the Dungeon.
             The game lasted 00:12:29 (6863 turns).

kingofthe the Conjurer (Octopode Conjurer)          Turns: 6863, Time: 00:12:30

Health: 0/41       AC:  1    Str:  6    XL:     7   Next: 97%
Magic:  1/13       EV: 15    Int: 21    God:
Gold:   234        SH:  0    Dex: 18    Spells: 7/14 levels left

rFire   . . .      SeeInvis .   k - +1 dagger (flame)
rCold   . . .      Faith    .   (no shield)
rNeg    . . .      Spirit   .   (helmet restricted)
rPois   .          Reflect  .   (no amulet)
rElec   .          Harm     .   D - +6 ring of dexterity
rCorr   .          Rampage  .   (no ring)
Will    .....                   (no ring)
Stlth   ++++......              (no ring)
HPRegen 0.13/turn               (no ring)
MPRegen 0.13/turn               (no ring)
                                (no ring)
                                (no ring)

@: no status effects
A: almost no armour, amphibious, 8 rings, camouflage 1, gelatinous body 1,
(nimble swimmer 1), tentacles
a: no special abilities


You were on level 5 of the Dungeon.
You visited 1 branch of the dungeon, and saw 5 of its levels.

You collected 234 gold pieces.


Innate Abilities, Weirdness & Mutations

You cannot wear most types of armour.
You are amphibious.
You can wear up to eight rings at the same time.
Your skin changes colour to match your surroundings (Stealth+).
Your rubbery body absorbs attacks. (AC +1, EV +1)
((You are camouflaged when in or above water. (Stealth+)))
You have tentacles for arms and can constrict up to eight enemies at once.


   Skills:
 * Level 4.8 Dodging
 + Level 4.9 Stealth
 + Level 4.3 Spellcasting
 + Level 5.4 Conjurations
 * Level 3.5 Fire Magic


You had 7 spell levels left.
You knew the following spells:

 Your Spells              Type           Power      Damage    Failure   Level
a - Magic Dart            Conj           100%       1d8       1%          1
b - Searing Ray           Conj           54%        2d6       1%          2
c - Sticky Flame          Conj/Fire      23%        2d4       19%         4

Your spell library contained the following spells:

 Spells                   Type           Power      Damage    Failure   Level
 Dazzling Flash           Conj/Hex       30%        N/A       12%         3
 Lesser Beckoning         Tloc           4%         N/A       34%         3
 Fulminant Prism          Conj/Hex       7%         3d7       36%         4
 Iskenderun's Mystic Bla  Conj/Tloc      15%        2d5       36%         4
 Summon Forest            Summ/Tloc      2%         N/A       97%         5

Inventory:

Hand Weapons
 g - a +0 dagger
 k - a +1 dagger of flaming (weapon)
Missiles
 s - a throwing net {=f}
Jewellery
 v - a ring of see invisible
 D - a +6 ring of dexterity (left tentacle)
 F - a ring of fire
Wands
 l - a wand of roots (7)
 r - a wand of flame (54)
Scrolls
 c - a scroll of immolation {unknown}
 d - 4 scrolls of teleportation {unknown}
 e - a scroll of torment {unknown}
 f - 2 scrolls of blinking {unknown}
 h - a scroll of enchant armour {unknown}
 m - 5 scrolls of identify {unknown}
 n - 2 scrolls of enchant weapon {unknown}
 p - a scroll of fog {unknown}
Potions
 a - a potion of magic
 b - 3 potions of curing {unknown}
 i - 2 potions of attraction {unknown}
 j - 3 potions of flight {unknown}
 o - 2 potions of lignification {unknown}
 q - a potion of heal wounds {unknown}

Dungeon Overview and Level Annotations

Branches:
Dungeon (5/15)
 Temple: D:4-7

Altars:
Wu Jian

Shops:
D:2 :

Annotations:
D:5 2 runed translucent doors, Eustachio; Lysca's ghost, novice MfIE

##.# #..# ##..# .
##...# ..# #....# ...
▒▒ ▒▒▒...# .5.
▒.▒▒~▒...#### #### #.
▒▒▒...▒......#####....
#
▒.~..W▒......@@5......
###
▒▒.~▒.+......r55.##>..
##..
▒≈).~.+..........#
▒...
▒▒~.⌠.▒.....#...##
▒... ▒.▒~.▒..###...##
▒... ##
▒▒≈.▒▒#####...# ▒...
#.▒▒▒▒▒▒▒.# #...#####
▒...
......##..###........▒
▒...
...........#........#▒
▒###


You could see Eustachio, an iron imp (summoned), a river rat (summoned), a white
imp (summoned) and an ufetubus (summoned).


Message History

Aim: Eustachio, wielding a +0 rapier and wearing a +3 leather armour (severely wounded, constricted by roots, 100% to hit)
The puff of flame hits Eustachio.
Eustachio is severely wounded.
The grasping roots constrict Eustachio!
The ufetubus barely misses you. The ufetubus misses you.
Eustachio escapes!
The iron imp closely misses you. The white imp barely misses you.
The ufetubus hits you.
* * * LOW HITPOINT WARNING * * *
The ufetubus closely misses you.
Hit: k) +1 dagger (flame)
Press: ? - help, Dir - move target, f/p - Eustachio
Aim: Eustachio, wielding a +0 rapier and wearing a +3 leather armour (almost dead, about 43% to evade your +1 dagger of flaming)
Your weapon can't reach that far!
Okay, then.
Hit: k) +1 dagger (flame)
Press: ? - help, Dir - move target, f/p - Eustachio
Aim: Eustachio, wielding a +0 rapier and wearing a +3 leather armour (almost dead, about 43% to evade your +1 dagger of flaming)
Your weapon can't reach that far!
Okay, then.
Aiming: Throw Flame
Press: ? - help, Shift-Dir - straight line, f/p - Eustachio
Aim: Eustachio, wielding a +0 rapier and wearing a +3 leather armour (almost dead, 56% to hit)
The puff of flame hits Eustachio.
Eustachio is almost dead.
The ufetubus hits you.
* * * LOW HITPOINT WARNING * * *
The ufetubus barely misses you. The iron imp closely misses you.
The white imp hits you.
* * * LOW HITPOINT WARNING * * *
The white imp freezes you.
You die...

Skill      XL: |  1  2  3  4  5  6  7 |
---------------+----------------------+-----
Spellcasting   | 3 4 |  4.3
Stealth        | 3 4 |  4.9
Dodging        | 3 4 |  4.8
Fire Magic     | 1 2 3 |  3.5
Conjurations   | 5 |  5.4

Action                   |  1- 3 |  4- 6 |  7- 9 || total
-------------------------+-------+-------+-------++-------
Melee: Unarmed           |     9 |       |       ||     9
       Tentacles         |     2 |     3 |       ||     5
       Constrict         |     1 |     2 |       ||     3
       Punch             |     1 |       |       ||     1
       Dagger            |     1 |    11 |       ||    12
 Cast: Magic Dart        |    81 |    76 |    34 ||   191
       Searing Ray       |     1 |    26 |    17 ||    44
Evoke: Wand              |       |       |     3 ||     3
Armor: Skin              |       |     2 |     1 ||     3
Dodge: Dodged            |    12 |    25 |    27 ||    64

Levels and vault maps discovered:
D:1:      amcnicky_arrival_choice, layout_basic,
          shapermc_ecumenical_altar_mp_vishouse, minmay_misc_feat_roman,
          grunt_decor_resistance
D:2:      minmay_chambers_of_ones, layout_rooms, serial_curves, eino_curves_01,
          eino_curves_04, serial_shops, nicolae_shop_stone,
          kennysheep_generic_room_5
D:3:      layout_basic, nzn_wu_jian_contemplation
D:4:      layout_rooms, serial_curves, eino_curves_02, eino_curves_01,
          uniq_blork_the_orc
D:5:      layout_cave_pods, temple_hall, ebering_ghost_disaster_area,
          corexii_corridor_pit, lightli_corner_chamber, uniq_eustachio

Notes
Turn   | Place    | Note
-------+----------+-------------------------------------------
     0 | D:1      | kingofthe the Octopode Conjurer began the quest for the
                  | Orb.
     0 | D:1      | Reached XP level 1. HP: 11/11 MP: 3/3
   283 | D:1      | Reached XP level 2. HP: 17/17 MP: 2/5
   525 | D:1      | Reached skill level 3 in Spellcasting
   528 | D:1      | Learned a level 2 spell: Searing Ray
   694 | D:1      | Reached XP level 3. HP: 13/21 MP: 2/7
  1101 | D:1      | Found a faded altar of an unknown god.
  1900 | D:2      | Reached XP level 4. HP: 27/27 MP: 1/8
  2157 | D:2      | Found Umiz's Book Emporium.
  2448 | D:2      | Reached skill level 3 in Stealth
  3355 | D:3      | Reached XP level 5. HP: 31/31 MP: 7/10
  3448 | D:3      | Reached skill level 3 in Dodging
  3581 | D:3      | Got the Handbook of Spatial Conflagration
  3587 | D:3      | Learned a level 4 spell: Sticky Flame
  3609 | D:3      | Noticed a phantom
  3625 | D:3      | Killed a phantom
  3626 | D:3      | Reached skill level 1 in Fire Magic
  3626 | D:3      | Reached XP level 6. HP: 20/36 MP: 0/11
  4104 | D:3      | Found an ornate altar of the Wu Jian Council.
  4781 | D:4      | Reached skill level 5 in Conjurations
  4840 | D:4      | Reached skill level 4 in Stealth
  4840 | D:4      | Reached skill level 2 in Fire Magic
  5121 | D:4      | Noticed Blork the orc
  5130 | D:4      | Killed Blork the orc
  5131 | D:4      | Reached skill level 4 in Dodging
  5131 | D:4      | Reached skill level 4 in Spellcasting
  5131 | D:4      | Reached XP level 7. HP: 19/41 MP: 0/13
  5810 | D:5      | Entered Level 5 of the Dungeon
  5870 | D:5      | Reached skill level 3 in Fire Magic
  6826 | D:5      | Found a large runed translucent door.
  6826 | D:5      | Found a large runed translucent door.
  6830 | D:5      | Noticed Lysca's ghost (novice MfIE)
  6849 | D:5      | Noticed Eustachio
  6863 | D:5      | HP: 3/41 [ufetubus[Eustachio] (2)]
  6863 | D:5      | Slain by a white imp

Vanquished Creatures
  A phantom (D:3)
  Blork the orc (D:4)
  3 scorpions
  A hound (D:5)
  2 orc priests
  5 iguanas
  2 orc wizards (D:4)
  4 gnolls (D:4)
  9 adders
  A shadow imp (D:5)
  A white imp (D:5)
  An ufetubus (D:4)
  A worm (D:2)
  3 dart slugs
  8 orcs
  6 ball pythons
  8 endoplasms
  3 giant cockroaches
  9 goblins
  11 hobgoblins
  4 jackals
  4 quokkas
  6 bats
  2 frilled lizards
  10 kobolds
  4 rats
110 creatures vanquished.

Table legend: (Time is in decaauts)
 A = Elapsed time spent in this place.
 B = Non-inter-level travel time spent in this place.
 C = Inter-level travel time spent in this place.
 D = Time resting spent in this place.
 E = Time spent auto-exploring this place.
 F = Levels seen in this place.
 G = Mean time per level.
                   A        B        C        D        E       F      G
               +--------+--------+--------+--------+--------+-----+--------+
         Total |   6861 |   6687 |    174 |   1645 |   4348 |   5 | 1372.2 |
       Dungeon |   6861 |   6687 |    174 |   1645 |   4348 |   5 | 1372.2 |
               +--------+--------+--------+--------+--------+-----+--------+

Top non-repeatable levels by time:
     D:4: 1764 daAuts
     D:1: 1586 daAuts
     D:2: 1355 daAuts
     D:3: 1289 daAuts
     D:5: 865 daAuts

Table legend:
 A = Non-vault XP
 B = Vault XP
 C = Vault XP percentage of total XP
 D = Non-vault monster count
 E = Vault monster count
 F = Vault count percentage of total count
                 A         B        C        D         E       F
            +---------+---------+-------+---------+---------+-------
      Total |    1069 |     117 |   9.9 |     103 |       7 |   6.4
            +---------+---------+-------+---------+---------+-------
        D:1 |      56 |       0 |   0.0 |      33 |       0 |   0.0
        D:2 |      54 |      21 |  28.0 |      17 |       6 |  26.1
        D:3 |     198 |       0 |   0.0 |      15 |       0 |   0.0
        D:4 |     435 |      96 |  18.1 |      27 |       1 |   3.6
        D:5 |     326 |       0 |   0.0 |      11 |       0 |   0.0
            +---------+---------+-------+---------+---------+-------
